Cogmind - Beta 14 @@@ ROGUE MODE // 2025.03.15 @ 19:00:07 Player: GiggleBox Result: Destroyed by Y-54 Guardian with Gatling Laser Performance ------------- Evolutions (4) 2000 Regions Visited (6) 1200 Robots Destroyed (164) 820 Value Destroyed (4854) 4854 Prototype IDs (7) 140 Alien Tech Used (0) 0 Bonus (154) 154 TOTAL SCORE: 9168 Bonus ------- High Alert Combat Kills 154 Cogmind --------- Core Integrity 0/850 Matter 256/300 Energy 85/100 System Corruption 6% Temperature Cool (15) Movement Walking (120) Location -6/Factory Parts ------- > --- POWER (1) -------- (None) > --- PROPULSION (3) --- Carbon-fiber Leg > --- UTILITY (7) ------ Medium Storage Unit Advanced Targeting Computer > --- WEAPON (4) ------- (None) > --- INVENTORY (10) --- Enhanced Optical Array Improved Terrain Scan Processor Peak State ------------ > --- POWER ------------ Enhanced Nuclear Core > --- PROPULSION ------- Light Treads Medium Treads > --- UTILITY ---------- Advanced Heat Sink Improved Cooling System Medium Storage Unit Advanced Targeting Computer Armor Integrity Analyzer Kinecellerator Improved Shield Generator > --- WEAPON ----------- Precision Beam Rifle Minigun Flak Gun Magnetic Acceleration Cannon > --- INVENTORY -------- Enhanced Nuclear Core Enhanced Optical Array Improved Terrain Scan Processor [Rating: 52] Favorites ----------- Power Improved Ion Engine Engine Improved Ion Engine Power Core Nuclear Core Propulsion Light Treads Treads Light Treads Leg Aluminum Leg Wheel Compact Wheel Hover Unit Improved Hover Unit Utility Medium Storage Unit Device Cooling System Storage Medium Storage Unit Processor Advanced Targeting Computer Protection Improved Power Shielding Weapon Pulse Rifle Energy Gun Pulse Rifle Energy Cannon Heavy Particle Cannon Ballistic Gun Heavy Assault Rifle Ballistic Cannon Light Cannon Impact Weapon Heavy Hammer Build | -11 -10 -9 -9 -8 -7 -6 ------- Run | Yrd Mat Mat Min Mat Fac Fac Slots Evolved 8 | . . 2 . 2 2 2 Power . | . . . . . . . Propulsion 1 | . . . . 1 . . Utility 5 | . . . . 1 2 2 Weapon 2 | . . 2 . . . . Parts Attached 120 | 9 14 37 . 25 15 20 Power 20 | 1 3 9 . 2 1 4 Engine 15 | 1 3 9 . . . 2 Core 5 | . . . . 2 1 2 Reactor . | . . . . . . . Propulsion 29 | 2 2 11 . 6 3 5 Treads 17 | 2 . 5 . 6 3 1 Leg 6 | . . 5 . . . 1 Wheel 3 | . . . . . . 3 Hover 3 | . 2 1 . . . . Flight . | . . . . . . . Utility 28 | 2 6 4 . 2 7 7 Device 15 | 1 4 2 . . 4 4 Storage 7 | 1 2 2 . . . 2 Processor 2 | . . . . 1 1 . Hackware . | . . . . . . . Protection 4 | . . . . 1 2 1 Artifact . | . . . . . . . Weapon 43 | 4 3 13 . 15 4 4 Energy Gun 23 | 3 1 6 . 10 1 2 Energy Cannon 1 | . . . . 1 . . Ballistic Gun 13 | 1 1 3 . 4 3 1 Ballistic Cannon 5 | . . 4 . . . 1 Launcher . | . . . . . . . Special Weapon . | . . . . . . . Impact Weapon 1 | . 1 . . . . . Slashing Weapon . | . . . . . . . Piercing Weapon . | . . . . . . . Special Melee Weapon . | . . . . . . . Unidentified Prototypes 7 | . . 2 . 4 1 . Parts Lost 32 | . 3 5 . 1 1 22 Power 2 | . . . . . . 2 Propulsion 10 | . 1 3 . . . 6 Utility 7 | . . . . . . 7 Weapon 13 | . 2 2 . 1 1 7 Highest Loss Streak 14 | . 2 2 . 1 1 14 To Critical Strikes . | . . . . . . . Average Slot Usage (%) 93 | . 96 85 100 97 98 91 Engine 6 | . 14 11 11 3 . . Core 3 | . . . . 5 7 5 Treads 16 | . 19 9 22 24 22 10 Leg 1 | . . 5 . . . . Hover 1 | . 7 1 . . . . Device 9 | . 14 3 11 9 7 18 Storage 12 | . 13 18 11 9 7 9 Processor 5 | . . . . 8 7 12 Protection 2 | . . . . . 13 3 Energy Gun 15 | . 19 10 44 20 11 4 Ballistic Gun 10 | . 3 10 . 14 16 12 Ballistic Cannon 2 | . . 6 . . . 5 Impact Weapon 2 | . 3 8 . . . . Peak Build Rating 52 | 7 11 21 20 30 41 52 Average Rating 24 | 5 7 13 20 26 35 46 On Entrance 18 | . 7 11 20 20 30 41 Naked Turns . | . . . . . . . Heaviest Build 53 | 11 16 32 31 34 37 53 Greatest Support 68 | 40 40 43 40 66 68 68 Greatest Overweight (x) 12 | . . 10 . . . 12 Average Overweight (x) . | . . . . . . . Largest Inventory Capacity 10 | 8 10 10 10 10 10 10 Average Capacity 9 | 6 9 9 10 10 10 10 Most Carried 10 | 4 7 10 7 10 10 9 Average Carried 6 | 1 3 5 7 7 7 5 Final Capacity 10 | 8 8 10 10 10 10 10 Final Carried 10 | 2 4 7 7 10 10 2 Class Distribution -------------------- 42% | Gunner 26% | Mutant 20% | Scavenger-Gunner 9% | Tank Dominant Class ---------------- Mutant | -10/Materials Mutant | -9/Materials Gunner | -9/Mines Gunner | -8/Materials Tank | -7/Factory Gunner | -6/Factory Resources | -11 -10 -9 -9 -8 -7 -6 ----------- Run | Yrd Mat Mat Min Mat Fac Fac Matter Collected 3646 | 290 138 853 92 799 559 915 Remotely 172 | 162 10 . . . . . Salvage Created 6567 | 114 656 1361 59 1738 961 1678 Parts 337 | 6 30 95 7 100 39 60 Haulers Intercepted 15 | . 2 4 . 5 2 2 Recyclers Shooed 8 | 1 1 2 . . . 4 Parts Field Recycled . | . . . . . . . Retrieved Matter . | . . . . . . . Parts Self-Destructed . | . . . . . . . Prevented . | . . . . . . . Kills | -11 -10 -9 -9 -8 -7 -6 ------- Run | Yrd Mat Mat Min Mat Fac Fac Combat Hostiles Destroyed 111 | . 11 31 3 28 16 22 Melee 3 | . . 3 . . . . Guns 89 | . 11 17 3 28 15 15 Cannons 18 | . . 11 . . . 7 Classes Destroyed 15 | 2 4 4 . 1 2 2 Worker 8 | . . 6 . 2 . . Builder 3 | . . 2 . . . 1 Tunneler 1 | 1 . . . . . . Hauler 15 | . 2 4 . 5 2 2 Recycler 11 | 1 2 2 1 . 1 4 Operator 4 | . . 1 . 1 1 1 Watcher 11 | . 2 5 . 2 1 1 Swarmer 24 | . 3 14 3 . 3 1 Grunt 57 | . 8 11 . 19 10 9 Brawler 4 | . . . . 2 . 2 Duelist 2 | . . . . . 1 1 Sentry 15 | . . 6 . 7 . 2 Hunter 4 | . . . . . . 4 Programmer 4 | . . . . . 2 2 Behemoth 1 | . . . . . . 1 Best Kill Streak 9 | 1 4 9 3 5 4 4 Combat Bots Only 7 | . 3 7 3 5 4 3 Max Kills in Single Turn 2 | 1 1 2 1 2 1 2 Gunslinging 1 | . . . . 1 . . Exploded . | . . . . . . . Melee 1 | . . 1 . . . . Uniques/NPCs Destroyed . | . . . . . . . Combat | -11 -10 -9 -9 -8 -7 -6 -------- Run | Yrd Mat Mat Min Mat Fac Fac Hostile Shots Fired 817 | . 76 210 23 73 55 380 Missed 255 | . 17 57 6 28 14 133 Damage Taken 7169 | . 659 1727 136 694 676 3277 Core 1403 | . 68 313 30 124 13 855 Absorbed by Shields 204 | . . . . . . 204 Redirected to Shielding 10 | . . . . . 10 . Core Remaining (%) 72 | 100 72 . 14 77 98 . Volleys Fired 329 | 5 60 71 5 69 40 79 Largest 4 | 2 2 4 4 4 4 4 Hottest 252 | 80 80 252 252 252 164 206 Shots Fired 1037 | 10 100 206 20 272 154 275 Gun 876 | 10 100 127 20 267 154 198 Cannon 161 | . . 79 . 5 . 77 Launcher . | . . . . . . . Special . | . . . . . . . Kinetic 592 | . 1 143 . 146 91 211 Thermal 442 | 10 99 62 20 124 63 64 Explosive . | . . . . . . . Electromagnetic 3 | . . 1 . 2 . . Robot Hit Streak 17 | 4 15 13 4 15 17 14 Robot Miss Streak 5 | 1 5 5 5 5 3 5 Penetration Max . | . . . . . . . Secondary Targets 10 | . 4 . . 2 4 . Max Gunslinging Chain 1 | . 1 . . 1 1 . Shots Hit Robots 693 | 8 69 130 9 162 110 205 Core Hits 327 | 3 31 56 3 73 41 120 Critical Kills 7 | . . 5 . 2 . . Critical Parts Destroyed 3 | . . 1 . 1 1 . Critical Strikes 34 | . . 9 . 5 5 15 Burn 13 | . . 2 . 2 4 5 Destroy 6 | . . 2 . 3 1 . Blast 11 | . . 1 . . . 10 Smash 4 | . . 4 . . . . Melee Attacks 33 | . 2 31 . . . . Impact 33 | . 2 31 . . . . Slashing . | . . . . . . . Piercing . | . . . . . . . Sneak Attacks 6 | . . 6 . . . . Combat Hostiles . | . . . . . . . Follow-up Attacks . | . . . . . . . Damage Inflicted 13589 | 90 812 2910 171 2812 1996 4798 Guns 9970 | 90 762 1121 156 2729 1996 3116 Cannons 2453 | . . 739 . 75 . 1639 Explosions . | . . . . . . . Melee 1097 | . 50 1047 . . . . Ramming 69 | . . 3 15 8 . 43 Kinetic 7366 | . 15 1229 . 1270 1076 3776 Thermal 5037 | 90 747 631 156 1514 920 979 Explosive . | . . . . . . . Electromagnetic 20 | . . . . 20 . . Impact 1097 | . 50 1047 . . . . Slashing . | . . . . . . . Piercing . | . . . . . . . Highest Corruption 6 | . . . . . 1 6 Average Corruption 1 | . . . . . 1 1 Corruption Purged . | . . . . . . . Corruption Blocked . | . . . . . . . Effects 9 | . . . . . 6 3 Message Errors 2 | . . . . . 1 1 Matter Fused 2 | . . . . . 2 . Energy Discharges 2 | . . . . . . 2 Data Loss (minor) 2 | . . . . . 2 . Data Loss (major) 1 | . . . . . 1 . Overload Shots . | . . . . . . . Overflow Damage 221 | . 28 183 . . . 10 Projectiles 10 | . . . . . . 10 Explosions . | . . . . . . . Melee 211 | . 28 183 . . . . Knockbacks 31 | . . 14 . . . 17 Impact 4 | . . 3 . . . 1 Kinetic 25 | . . 10 . . . 15 Secondary 2 | . . 1 . . . 1 Self-Inflicted Damage 2 | . . . . . . 2 Shots . | . . . . . . . Rammed 12 | . . . 1 2 . 9 Targets Rammed 14 | . . 1 2 2 . 9 Kicked 1 | . . 1 . . . . Crushed 1 | . . . 1 . . . Highest Temperature 366 | 36 195 324 264 360 366 126 Average Temperature 74 | 19 50 95 113 57 86 22 Received Heat Transfer 2220 | . 261 525 . 468 216 750 Effects 4 | . . 2 . . 2 . Energy Bleed 2 | . . 2 . . . . Interference 2 | . . . . . 2 . Siege Activations . | . . . . . . . Robots Corrupted 4 | . 1 3 . . . . Combat Hostiles . | . . . . . . . Parts Fried 7 | . 2 5 . . . . Impact Corruptions 10 | . 1 9 . . . . Robots Melted 1 | . . . . . 1 . Combat Hostiles 1 | . . . . . 1 . Parts Melted 22 | 1 2 5 . 4 6 4 Heat Transferred 11434 | 200 1725 1517 333 3182 2109 2368 Parts Sabotaged . | . . . . . . . Parts Stolen . | . . . . . . . Parts Stripped . | . . . . . . . Power Chain Reactions . | . . . . . . . Alert | -11 -10 -9 -9 -8 -7 -6 ------- Run | Yrd Mat Mat Min Mat Fac Fac Peak Influence 562 | 10 218 436 215 562 500 468 Initial 220 | . 6 9 145 7 220 165 Average 205 | 2 77 193 107 223 339 246 Maximum Alert Level 2 | . 1 2 1 2 2 2 Low Security (%) 50 | 100 97 52 92 48 . 33 Level 1 41 | . 2 45 7 30 83 62 Level 2 7 | . . 2 . 21 16 3 Level 3 . | . . . . . . . Level 4 . | . . . . . . . Level 5 . | . . . . . . . High Security . | . . . . . . . Max Security . | . . . . . . . Squads Dispatched 19 | . 1 2 . 7 3 6 Investigation 4 | . . 1 . 3 . . Extermination 4 | . . . . . 2 2 Reinforcement 6 | . 1 1 . 1 1 2 Assault 1 | . . . . . . 1 Garrison 4 | . . . . 3 . 1 Intercept . | . . . . . . . Searches Triggered . | . . . . . . . Construction Impeded 2 | . . . . . . 2 Haulers Reinforced . | . . . . . . . Active Scanning Responses . | . . . . . . . Cargo Convoy Interrupts . | . . . . . . . Stealth | -11 -10 -9 -9 -8 -7 -6 --------- Run | Yrd Mat Mat Min Mat Fac Fac Distress Signals 9 | . 2 2 . 2 . 3 Communications Jammed . | . . . . . . . Distress Signals . | . . . . . . . Times Spotted 166 | . 18 43 3 37 21 44 Peak Tracking Total 12 | . 5 9 3 5 4 12 Tactical Retreats 5 | . . 1 . 2 1 1 Traps | -11 -10 -9 -9 -8 -7 -6 ------- Run | Yrd Mat Mat Min Mat Fac Fac Traps Triggered 7 | . 1 1 . 1 1 3 Indirectly . | . . . . . . . Trap Hack Attempts . | . . . . . . . Triggered . | . . . . . . . Disarmed . | . . . . . . . Reprogrammed . | . . . . . . . Reused . | . . . . . . . Traps Extracted . | . . . . . . . Installed . | . . . . . . . Triggered . | . . . . . . . Machines | -11 -10 -9 -9 -8 -7 -6 ---------- Run | Yrd Mat Mat Min Mat Fac Fac Machines Disabled 7 | . . 3 . 2 . 2 Max in Single Turn 1 | . . 1 . 1 . 1 Garrison Access 1 | . . . . . . 1 Machines Repaired . | . . . . . . . Machines Dismantled . | . . . . . . . Machines Sabotaged . | . . . . . . . Overloaded Fab Kills . | . . . . . . . Hacking | -11 -10 -9 -9 -8 -7 -6 --------- Run | Yrd Mat Mat Min Mat Fac Fac Machines Accessed 4 | . 1 . . 3 . . Terminals 3 | . 1 . . 2 . . Fabricators . | . . . . . . . Repair Stations . | . . . . . . . Recycling Units . | . . . . . . . Scanalyzers . | . . . . . . . Garrison Access 1 | . . . . 1 . . Total Hacks 11 | . 3 . . 8 . . Successful 1 | . . . . 1 . . Failed 10 | . 3 . . 7 . . Catastrophic 4 | . 2 . . 2 . . Database Lockouts . | . . . . . . . Manual 8 | . 3 . . 5 . . Terminals 8 | . 3 . . 5 . . Fabricators . | . . . . . . . Repair Stations . | . . . . . . . Recycling Units . | . . . . . . . Scanalyzers . | . . . . . . . Garrison Access 3 | . . . . 3 . . Terminal Hacks . | . . . . . . . Fabricator Hacks . | . . . . . . . Repair Station Hacks . | . . . . . . . Recycling Unit Hacks . | . . . . . . . Scanalyzer . | . . . . . . . Garrison Access Hacks 1 | . . . . 1 . . Unlock Access 1 | . . . . 1 . . Unauthorized Hacks . | . . . . . . . Terminals . | . . . . . . . Fabricators . | . . . . . . . Repair Stations . | . . . . . . . Recycling Units . | . . . . . . . Scanalyzers . | . . . . . . . Garrison Access . | . . . . . . . Data Cores Recovered 1 | . . . . . . 1 Used . | . . . . . . . Hacking Detections 4 | . 1 . . 3 . . Full Trace Events 4 | . 1 . . 3 . . Feedback Events . | . . . . . . . Feedback Blocked . | . . . . . . . Robot Schematics Acquired . | . . . . . . . Robots Built . | . . . . . . . Authchips . | . . . . . . . Time . | . . . . . . . Total Robot Build Rating . | . . . . . . . Part Schematics Acquired . | . . . . . . . Parts Built . | . . . . . . . Authchips . | . . . . . . . Time . | . . . . . . . Total Part Build Rating . | . . . . . . . Parts Repaired . | . . . . . . . Time . | . . . . . . . Parts Recycled . | . . . . . . . Recycled Matter . | . . . . . . . Retrieved Matter . | . . . . . . . Retrieved Components . | . . . . . . . Parts Scanalyzed . | . . . . . . . Part Schematics Acquired . | . . . . . . . Parts Damaged . | . . . . . . . Bothacking | -11 -10 -9 -9 -8 -7 -6 ------------ Run | Yrd Mat Mat Min Mat Fac Fac Used RIF Installer . | . . . . . . . Robots Hacked . | . . . . . . . Non-combat . | . . . . . . . Combat . | . . . . . . . Robot Hacks Applied . | . . . . . . . Relay Couplers Released 1 | . . . . . . 1 Machine Destruction 1 | . . . . . . 1 Fabnet Peak Effective % . | . . . . . . . Robots Rewired . | . . . . . . . Allies Hacked . | . . . . . . . Hacks Repelled . | . . . . . . . Allies | -11 -10 -9 -9 -8 -7 -6 -------- Run | Yrd Mat Mat Min Mat Fac Fac Total Allies . | . . . . . . . Largest Group . | . . . . . . . Highest-Rated Group . | . . . . . . . Highest-Rated Ally . | . . . . . . . Total Orders . | . . . . . . . Ally Attacks . | . . . . . . . Total Damage . | . . . . . . . Kills . | . . . . . . . Allies Corrupted . | . . . . . . . Allies Melted . | . . . . . . . Intel | -11 -10 -9 -9 -8 -7 -6 ------- Run | Yrd Mat Mat Min Mat Fac Fac Robot Analysis Total . | . . . . . . . Derelict Logs Recovered . | . . . . . . . Drone Launches . | . . . . . . . Drone Recoveries . | . . . . . . . Exploration | -11 -10 -9 -9 -8 -7 -6 ------------- Run | Yrd Mat Mat Min Mat Fac Fac Turns Passed 7394 | 135 863 2050 600 1440 1079 1227 Spaces Moved 3822 | 69 630 939 362 715 567 540 Core 21 | 9 . 3 . . . 9 Treads 2852 | 60 292 519 362 715 567 337 Legs 222 | . . 222 . . . . Wheels 194 | . . . . . . 194 Hover 533 | . 338 195 . . . . Flight . | . . . . . . . Fastest Speed 50 | 50 56 56 160 160 160 100 Average Speed 154 | 145 104 172 160 160 160 162 Slowest Speed 650 | 160 160 550 160 160 160 650 Overloaded Moves . | . . . . . . . Propulsion Burnouts . | . . . . . . . Robots Hopped . | . . . . . . . Cave-ins Triggered . | . . . . . . . Exploration Rate (%) 45 | 6 95 65 71 46 15 19 Regions Visited 6 Branch Regions 1 Pre-discovered Areas . | . . . . . . . Known Exits Taken . | . . . . . . . Unknown Exits Taken 6 | 1 1 1 1 1 1 . Scrap Searched 1 | . . . 1 . . . Spaces Dug 1 | . . . . . . 1 Terrain Destroyed 23 | . . . . 2 . 21 Melee . | . . . . . . . Projectile 23 | . . . . 2 . 21 AOE . | . . . . . . . Terrain Rammed . | . . . . . . . Walls Destroyed . | . . . . . . . Machines Disabled . | . . . . . . . Actions | -11 -10 -9 -9 -8 -7 -6 --------- Run | Yrd Mat Mat Min Mat Fac Fac Total 4603 | 93 734 1174 369 864 655 714 Wait 88 | . 2 27 1 6 11 41 Move 3816 | 68 629 938 361 714 566 540 Hop . | . . . . . . . Pick Up 122 | 10 16 39 . 27 14 16 Fast Attach . | . . . . . . . Attach 55 | 7 6 17 . 3 7 15 Detach 1 | . . 1 . . . . Swap 65 | 2 8 20 . 22 8 5 Drop 80 | 1 11 29 . 21 9 9 Fire 329 | 5 60 71 5 69 40 79 Melee 33 | . 2 31 . . . . Ram 2 | . . . . . . 2 Kick 1 | . . 1 . . . . Crush 11 | . . . 2 2 . 7 Escape Stasis . | . . . . . . . Rewire . | . . . . . . . Trap . | . . . . . . . Miscellaneous . | . . . . . . . Route ------- -11/Scrapyard -10/Materials (discovered 6 exits: [*Mat x3] / [*Min x2] / [*Sub]) -9/Materials (discovered 3 exits: *Mat / [*Min x2]) -9/Mines (discovered 2 exits: *Mat / [*Exi]) -8/Materials (discovered 2 exits: *Fac / Gar) -7/Factory (discovered 2 exits: [*Fac x2]) -6/Factory History --------- Turn | Location | Event 2 | -11/Scrapyard | Met Revision 17 17 | -11/Scrapyard | Discovered new exit (range 15) 136 | -11/Scrapyard | Entered Materials 303 | -10/Materials | Build established: Mutant 351 | -10/Materials | Discovered new exit (range 12) 625 | -10/Materials | Discovered new exit (range 7) 754 | -10/Materials | Discovered new exit (range 11) 905 | -10/Materials | Discovered new exit (range 10) 907 | -10/Materials | Discovered new exit (range 16) 994 | -10/Materials | Discovered new exit (range 8) 999 | -10/Materials | Entered another Materials area 999 | -9/Materials | Evolved 2 slots: Weapon x2 1273 | -9/Materials | Discovered new exit (range 15) 1374 | -9/Materials | Destroyed 7 combat bots 2077 | -9/Materials | Discovered new exit (range 7) 2379 | -9/Materials | Core integrity fell below 50% 2514 | -9/Materials | Build established: Gunner 2833 | -9/Materials | Build established: Scavenger-Gunner 2844 | -9/Materials | Discovered new exit (range 13) 3049 | -9/Materials | Entered Mines 3137 | -9/Mines | Build established: Gunner 3352 | -9/Mines | Deemed a non-threat by the Exiles lab entrance 3353 | -9/Mines | Discovered new exit (range 5) 3393 | -9/Mines | Core integrity fell below 20% 3630 | -9/Mines | Discovered new exit (range 10) 3649 | -9/Mines | Entered Materials 3649 | -8/Materials | Evolved 2 slots: Propulsion x1, Utility x1 4092 | -8/Materials | Garrison activated, responded to threat 4388 | -8/Materials | Identified exit to Garrison 4471 | -8/Materials | Build established: Scavenger-Gunner 4855 | -8/Materials | Discovered new exit (range 7) 5089 | -8/Materials | Entered Factory 5089 | -7/Factory | Evolved 2 slots: Utility x2 5400 | -7/Factory | Build established: Tank 5634 | -7/Factory | Discovered new exit (range 15) 6112 | -7/Factory | Discovered new exit (range 9) 6168 | -7/Factory | Entered another Factory area 6168 | -6/Factory | Evolved 2 slots: Utility x2 6190 | -6/Factory | Build established: Gunner 6747 | -6/Factory | Spotted B-75 Beast 6787 | -6/Factory | Destroyed B-75 Beast 6820 | -6/Factory | Lost 6 parts (2n2u2w) 7309 | -6/Factory | Garrison activated, responded to threat 7353 | -6/Factory | Build established: Scavenger-Gunner 7382 | -6/Factory | Core integrity fell below 50% 7390 | -6/Factory | Core integrity fell below 20% 7395 | -6/Factory | Destroyed by Y-54 Guardian with Gatling Laser Last Messages --------------- 07379_ Rnf. Deuterium Engine destroyed. 07381_ Fusion Modulator explodes. 07381_ ALERT: Garrison Access compromised, dispatching assault squad. 07381_ Garrison Access disabled. 07381_ Relay Coupler [Specialist] tumbles out of Garrison Access. 07381_ Fusion Modulator explodes. 07381_ G-50 Soldier destroyed. 07381_ Prc. Beam Rifle destroyed. 07381_ P-60 Hacker destroyed. 07382_ Hvy. Laser destroyed. 07383_ Armor Integrity Analyzer destroyed. 07385_ U-05 Engineer lays Concrete. 07385_ Com. Wheel destroyed. 07386_ U-05 Engineer lays Concrete. 07391_ Angular Momentum Engine destroyed. 07391_ Critical hit (Burn: +37). 07391_ U-05 Engineer lays Concrete. 07393_ U-05 Engineer builds a Wall. 07393_ Acquired Carbon-fiber Leg. 07394_ U-05 Engineer lays Concrete. Map ----- +----------------------------------------------------+ | """ ???????????????????????????????? | | """ ""???? ??????????????????????????? | | """ ? ??????????????????????????? | | """ " ???????????????????????????? | | ??????????????????????????? | | ############# """ """ "?????????????????????????? | | ?############ """ """ ""????????????????????????? | | ?# """"""" # """ """ """???????????????????????? | | ?# """"""" # ????????????????????????? | | ?# """"""" # """ ""? ??????????????????????? | | ## """"""" + !!! """ """ ?????????????????????? | | + # !!! """ """ ? #????????????????? | | ## # !! ? #????????????????? | | # # """ """ """ #????????????????? | | # # """ """ """ #????????????????? | | ############ *% ""% """ """ # ??????????????? | | #??????????# % # "??????????????? | | %#??????????# % % + ???????????????? | | #??????????# #????????????????? | | #??????????# ##Y%! #????????????????? | | #??????????# ## * u #########????????? | | #??????????# ## g"u " ????????? | | #??????????# ## =[ g s ???????? | | #??????????+ #; |!% ! s ???????? | | #??????????# #; !% b s ???????? | | ##??????????# #; * @ s ???????? | | ????????????#######; % ;######??????????? | | ?????????????????# ; % ;#???????????????? | | ?????????????????# ; ; #??????????????? | | ?????????????????##; ;##??????????????? | | ???????????????? u [;#???????????????? | | ???????????????## u ##???????????????? | | ????????????????# +??????????????? | | ????????????????#+###### #######??????????????? | | ???????????????? ?????# #????????????????????? | | ??????????????? ??????+ #????????????????????? | | ?????????????? ??????# #????????????????????? | | ?????????????+ ???????# #????????????????????? | | ?????????????##????????# #????????????????????? | | ????????????????????????+##+#????????????????????? | | ?????????????????????????????????????????????????? | | ?????????????????????????????????????????????????? | | ?????????????????????????????????????????????????? | | ?????????????????????????????????????????????????? | | ?????????????????????????????????????????????????? | | ?????????????????????????????????????????????????? | | ?????????????????????????????????????????????????? | | ?????????????????????????????????????????????????? | | ?????????????????????????????????????????????????? | | ?????????????????????????????????????????????????? | +----------------------------------------------------+ Best States ------------- Heat Dissipation 83 Energy Generation 18 Energy Capacity 300 Matter Stores 415 Matter Capacity 450 Sight Range 16 Terrain Scan Density 10 Additional Mass Support 6 Armor Coverage 150 Resistance: EM 15 Power Shielding 66 Evasion (%) 53 Targeting Accuracy 8 Armor Integrity Analysis 30 Recoil Reduction 3 Kinecelleration 30 Authchip Count 1 Item Schematics ----------------- None Robot Schematics ------------------ None Fabricated ------------ Nothing Alien Tech Used ----------------- None Achievements -------------- Serviceable Loadout Challenges ------------ None Game ------ Seed LegLayeredGuard Manual? 0 Play Time 01:14:41 Cumulative 8.6 hours Start 2025.03.15 @ 17:49:07 End 2025.03.15 @ 19:00:07 Sessions 1 Manual Loads 0 Difficulty Rogue Special Mode None Game No. 11 Rogue 11 Adventurer 0 Explorer 0 Win Type - Total 0 Types 0/0/0/0/0/0/0/0/0 Lore% 5 Gallery% 16 Achievement% 12 Wizard Run 0 Options --------- Layout 0 ASCII 0 Keyboard 0 Movement Numpad Keybinds 0 Fullscreen 1 Font 24/Smallcaps Map View 76x50 Zoom Use 0% Tactical HUD 1 Map Filters NONE Filters NONE Steam 1 RUN: be3ae178-9364-4170-b2db-beececbafd96